 Dungeon Crawl Stone Soup version 0.29-a0-728-g6bb282b620 (webtiles) character file.

Game seed: 10384095041810866966

0 triguntf the Stinger (level 1, 0/13 HPs)
             Began as a Merfolk Venom Mage on June 29, 2022.
             Slain by a kobold
             ... wielding a +0 short sword
              (2 damage)
             ... on level 1 of the Dungeon.
             The game lasted 00:01:04 (76 turns).

triguntf the Stinger (Merfolk Venom Mage)             Turns: 76, Time: 00:01:05

Health: 0/13       AC:  2    Str:  8    XL:     1   Next: 10%
Magic:  3/3        EV: 12    Int: 14    God:
Gold:   12         SH:  0    Dex: 14    Spells: 3/4 levels left

rFire   . . .      SeeInvis .   (no weapon)
rCold   . . .      Faith    .   (no shield)
rNeg    . . .      Spirit   .   a - +0 robe
rPois   .          Reflect  .   (no helmet)
rElec   .          Harm     .   (no cloak)
rCorr   .          Rampage  .   (no gloves)
Will    .....                   (no boots)
Stlth   ++........              (no amulet)
HPRegen 0.04/turn               (no ring)
MPRegen 0.08/turn               (no ring)

@: no status effects
A: (nimble swimmer 2), mertail
a: no special abilities


You were on level 1 of the Dungeon.
You visited 1 branch of the dungeon, and saw 1 of its levels.

You collected 12 gold pieces.

Inventory:

Armour
 a - a +0 robe (worn)
Potions
 b - a potion of magic


   Skills:
 + Level 2.6 Dodging
 + Level 2.1 Stealth
 + Level 2.0 Spellcasting
 + Level 1.3 Transmutations
 + Level 3.3 Poison Magic


You had 3 spell levels left.
You knew the following spells:

 Your Spells              Type           Power      Damage    Failure   Level
a - Sting                 Tmut/Pois      28%        1d4       9%          1

Your spell library contained the following spells:

 Spells                   Type           Power      Damage    Failure   Level
 Poisonous Vapours        Pois/Air       12%        N/A       19%         2
 Mephitic Cloud           Conj/Pois/Air  4%         N/A       41%         3
 Olgreb's Toxic Radiance  Pois           10%        N/A       52%         4


Dungeon Overview and Level Annotations

Branches:
Dungeon (1/15)

Altars:


Innate Abilities, Weirdness & Mutations

((You are very nimble when in or above water. (Stealth+, EV+, Speed+++)))
Your lower body shifts to a powerful aquatic tail in water.


Message History

Found a cyan potion.
A rat comes into view.
The kobold shouts!
You hear a shout!
A hobgoblin comes into view.
You closely miss the kobold.
The kobold hits you with a +0 short sword.
You hit the kobold.
The kobold is moderately wounded.
The kobold hits you but does no damage.
You closely miss the kobold.
The kobold is moderately wounded.
A giant cockroach comes into view.
The kobold closely misses you.
You hit the kobold but do no damage.
The kobold is moderately wounded.
A quokka comes into view.
The kobold hits you with a +0 short sword.
Unknown command.
You hit the kobold.
The kobold is heavily wounded.
The rat bites you. The kobold completely misses you.
The rat attacks as you move away! The rat closely misses you.
The kobold attacks as you move away! The kobold barely misses you.
You hit the rat.
You kill the rat!
The kobold hits you with a +0 short sword.
You hit the hobgoblin.
The hobgoblin is lightly wounded.
The hobgoblin hits you.
* * * LOW HITPOINT WARNING * * *
The kobold closely misses you.
You hit the hobgoblin but do no damage.
The hobgoblin is lightly wounded.
The hobgoblin misses you. The giant cockroach closely misses you.
The kobold hits you but does no damage.
You closely miss the hobgoblin.
The hobgoblin is lightly wounded.
The giant cockroach misses you.
The kobold hits you with a +0 short sword.
You die...

....⌠....⌠.## ... .#
............##
..####.#.
.(⌠...⌠...⌠..#
.........
..............##!#....#
⌠.....(.⌠......#......#
....⌠..........#......#
..............##r...#
####.###########gK..+
##.# #@B..# #..####
#..#####. #.....#
#.>...... #.....#
#.####### #.....# #.#
#.....# #.#
###.....########.##
..................#
###.....###########


You could see a quokka, a giant cockroach, a hobgoblin and a kobold.

Vanquished Creatures
  A rat (D:1)
1 creature vanquished.

Notes
Turn   | Place    | Note
-------+----------+-------------------------------------------
     0 | D:1      | triguntf the Merfolk Venom Mage began the quest for the
                  | Orb.
     0 | D:1      | Reached XP level 1. HP: 13/13 MP: 3/3
    76 | D:1      | Slain by a kobold

Illustrated notes

Levels and vault maps discovered:
D:1:      dpeg_arrival_lava_temple_mockup, layout_basic,
          shapermc_ecumenical_altar_totnotflames, chequers_jeans,
          solitary_fountain, lemuel_old_faithful

Action                   || total
-------------------------++-------
Melee: Unarmed           ||     9
Armor: Robe              ||     2
Dodge: Dodged            ||     8

Table legend: (Time is in decaauts)
 A = Elapsed time spent in this place.
 B = Non-inter-level travel time spent in this place.
 C = Inter-level travel time spent in this place.
 D = Time resting spent in this place.
 E = Time spent auto-exploring this place.
 F = Levels seen in this place.
 G = Mean time per level.
                   A        B        C        D        E       F      G
               +--------+--------+--------+--------+--------+-----+--------+
         Total |     76 |     46 |     30 |      0 |      0 |   1 |   76.0 |
       Dungeon |     76 |     46 |     30 |      0 |      0 |   1 |   76.0 |
               +--------+--------+--------+--------+--------+-----+--------+

Top non-repeatable levels by time:
     D:1: 76 daAuts
